 Dungeon Sprint DCSS version 0.31-a0-435-g2c6fae2916 (webtiles) character file.

Game seed: 17638162424093988284

2278 rocky1 the Martial Artist (level 9, -7/68 HPs)
             Began as a Djinni Shapeshifter on Aug 2, 2023.
             Was an Initiate of Gozag.
             Mangled by Urug
             ... wielding a +3 great sword
              (28 damage)
             ... in the Dungeon (Sprint VII: "The Pits").
             The game lasted 00:05:35 (2363 turns).

rocky1 the Martial Artist (Djinni Shapeshifter)     Turns: 2363, Time: 00:05:36

Health: -7/68      AC: 11    Str: 14    XL:     9   Next: 66%
Gold:   1043       EV: 13    Int: 12    God:    Gozag SH:  0 Dex: 16

rFire   + +          .
                       - Unarmed
rCold   x . .        (no shield)
rNeg    . . .        a - +5 ring mail
rPois   ∞            (helmet currently unavailable)
rElec   .            (cloak currently unavailable)
rCorr   .            (gloves currently unavailable)
SInv    .            (boots unavailable)
Will    .....        (no amulet)
Stlth   +            (no ring)
HPRegen 0.31/turn    (no ring)
MPRegen 0.00/turn

%: no teleportation, infuse magic (-8 HP)
@: beast-form, flying
A: beast (slay +6), flying, sickness immunity, fire resistance 2, cold
vulnerability 1, float, innate caster, HP casting, extra vitality 1
a: Begin Untransformation, Renounce Religion, Potion Petition, Call Merchant,
Bribe Branch


You were in the Dungeon.
You worshipped Gozag.
Gozag was most pleased with you.
You were a hulking beast.
You visited 1 branch You collected 1800 gold pieces.
You spent 245 gold pieces at shops.
You paid 512 gold pieces to Gozag.

Inventory:

Hand Weapons
 k - a +2 scimitar of holy wrath
Armour
 a - a +5 ring mail (worn)
 p - a +0 cloak
Jewellery
 g - a +3 ring of evasion
 l - a +3 ring of intelligence
Talismans
 c - a beast talisman (active)
Scrolls
 h - a scroll of blinking
 j - a scroll of summoning
 r - a scroll of enchant weapon
Potions
 b - a potion of lignification
 d - 6 potions of curing
 e - 4 potions of heal wounds
 f - 3 potions of haste
 i - a potion of invisibility
 m - a potion of resistance
 n - 3 potions of berserk rage
 o - 2 potions of might
 q - a potion of degeneration


   Skills:
 * Level 7.2 Fighting
 + Level 7.2 Armour
 + Level 5.5 Dodging
 + Level 2.2 Stealth
 + Level 13.1 Unarmed Combat
 + Level 3.0 Spellcasting
 + Level 3.0 Conjurations
 + Level 3.0 Hexes
 + Level 3.0 Summonings
 + Level 3.0 Necromancy
 + Level 3.0 Translocations
 + Level 3.0 Transmutations
 + Level 3.0 Fire Magic
 + Level 3.0 Ice Magic
 + Level 3.0 Air Magic
 + Level 3.0 Earth Magic
 + Level 3.0 Poison Magic
 + Level 9.2 Shapeshifting


You knew the following spells:

 Your Spells              Type           Power      Damage    Failure   Level
a - Sandblast             Erth           18%        2d7       13%         1
b - Ensorcelled Hibernat  Hex/Ice        18%        N/A       21%         2
c - Momentum Strike       Conj/Tloc      18%        3d8       21%         2
d - Summon Lightning Spi  Summ/Air       9%         N/A       78%         4
Your spell library was empty.

Dungeon Overview and Level Annotations

Branches:
Dungeon (1/1)

Altars:
Ashenzari
Cheibriados
Dithmenos
Elyvilon
Fedhas
Gozag
Hepliaklqana
Makhleb
Nemelex Xobeh
Okawaru
Qazlal
Ru
Trog
Uskayaw
Wu Jian
Xom
Yredelemnul
Zin
The Shining One
Jiyva
Lugonu

Shops:
D *

Annotations:
D Urug


Innate Abilities, Weirdness & Mutations

You are a hulking beast.
Your limbs bulge with bestial killing power. (Slay +6)
You are flying.
You are immune to sickness and miasma.
You are immune to poison.
Your flesh is very heat resistant. (rF++)
You are vulnerable to cold. (rC-)
You float through the air rather than walking.
You learn spells naturally, not from books.
Your magical power is your life essence.
You have superior vitality. (+4 MHP)


Message History

The deep troll closely misses you.
You hit the deep troll.
The deep troll is almost dead.
The deep troll bites you but does no damage.
The deep troll misses you.
The deep troll claws you but does no damage.
You punch the deep troll!
You kill the deep troll!
Your Fighting skill increases to level 7!
Your Armour skill gained 2 levels and is now at level 7!
Your Unarmed Combat skill increases to level 13!
Unknown command.
You start resting.
HP restored.
You start waiting.
Done waiting.
You start waiting.
Done waiting.
You now have enough gold to fund merchants seeking to open stores in the dungeon.
You now have 1043 gold pieces (gained 126).
You reach down and open the door.
A mummy and Urug come into view.
Urug is wielding a +3 great sword and quivering silver javelins.
Urug shouts!
Urug throws a silver javelin.
The silver javelin pierces through you but does no damage.
Urug misses you.
You punch Urug!
Urug is moderately wounded.
Urug hits you with a +3 great sword!!
You punch Urug! Your punch misses Urug.
Urug is moderately wounded.
You barely miss Urug.
Urug is moderately wounded.
Urug hits you with a +3 great sword!!
You pummel Urug!!
Urug is severely wounded.
Urug hits you with a +3 great sword!!
You die...
Your body crumbles into a pile of gold.

.'....∩...........+
##......#..#......#
##................#
#####'#####''######
##.......##''# #####
##.......##..###...#
##.......##...##...# .#
##...<...###...##o##..##
##.......# ##...h......#
##.......#
#..###+###...#
##.......##..## #
###########..
###########..
....#..[[###. ....#...[#
## ....'..).# ....#..))#


You could see Urug.

Vanquished Creatures
  2 deep trolls (D)
  A black mamba (D)
  A tarantella (D)
  A wyvern (D)
  2 floating eyes (D)
  An ice beast (D)
  A swamp drake (D)
  2 gnoll boudas (D)
  2 iguanas (D)
  Terence (D)
  7 gnolls (D)
  2 adders (D)
  A river rat (D)
  A white imp (D)
  An adder skeleton (D)
  An endoplasm (D)
  A goblin (D)
  A ball python skeleton (D)
  2 ball python zombies (D)
31 creatures vanquished.

Notes
Turn   | Place    | Note
-------+----------+-------------------------------------------
     0 | D        | rocky1 the Djinni Shapeshifter began the quest for the Orb.
     0 | D        | Reached XP level 1. HP: 17/17 MP: 0/0
    43 | D        | Found a bloodstained altar of Trog.
    43 | D        | Found a viscous altar of Jiyva.
    43 | D        | Found a hazy altar of Hepliaklqana.
    43 | D        | Found an opulent altar of Gozag.
    44 | D        | Found a glowing golden altar of the Shining One.
    44 | D        | Found a glowing silver altar of Zin.
    44 | D        | Found a basalt altar of Yredelemnul.
    44 | D        | Found a shimmering altar of Xom.
    44 | D        | Found an ornate altar of the Wu Jian Council.
    44 | D        | Found a sacrificial altar of Ru.
    44 | D        | Found a stormy altar of Qazlal.
    44 | D        | Found an iron altar of Okawaru.
    44 | D        | Found a sparkling altar of Nemelex Xobeh.
    44 | D        | Found a burning altar of Makhleb.
    44 | D        | Found a blossoming altar of Fedhas.
    44 | D        | Found a white marble altar of Elyvilon.
    44 | D        | Found a shadowy altar of Dithmenos.
    44 | D        | Found a snail-covered altar of Cheibriados.
    47 | D        | Found a corrupted altar of Lugonu.
    48 | D        | Found a hide-covered altar of Uskayaw.
    48 | D        | Found a broken altar of Ashenzari.
    51 | D        | Became a worshipper of Gozag Ym Sagoz the Greedy
   181 | D        | Reached XP level 2. HP: 18/22 MP: 0/0
   264 | D        | Noticed a floating eye
   264 | D        | Noticed a floating eye
   265 | D        | Noticed Terence
   265 | D        | Paralysed by a floating eye for 2 turns
   274 | D        | Paralysed by a floating eye for 2 turns
   280 | D        | Reached skill level 4 in Unarmed Combat
   280 | D        | Reached skill level 1 in Spellcasting
   280 | D        | Reached skill level 1 in Conjurations
   280 | D        | Reached skill level 1 in Hexes
   280 | D        | Reached skill level 1 in Summonings
   280 | D        | Reached skill level 1 in Necromancy
   280 | D        | Reached skill level 1 in Translocations
   280 | D        | Reached skill level 1 in Transmutations
   280 | D        | Reached skill level 1 in Fire Magic
   280 | D        | Reached skill level 1 in Ice Magic
   280 | D        | Reached skill level 1 in Air Magic
   280 | D        | Reached skill level 1 in Earth Magic
   280 | D        | Reached skill level 1 in Poison Magic
   280 | D        | Reached XP level 3. HP: 27/27 MP: 0/0
   280 | D        | Learned a level 1 spell: Sandblast
   281 | D        | Killed a floating eye
   282 | D        | Reached skill level 6 in Unarmed Combat
   282 | D        | Reached skill level 5 in Shapeshifting
   282 | D        | Reached XP level 4. HP: 32/32 MP: 0/0
   282 | D        | Reached XP level 5. HP: 37/37 MP: 0/0
   282 | D        | Learned a level 2 spell: Ensorcelled Hibernation
   284 | D        | Paralysed by a floating eye for 3 turns
   288 | D        | Killed Terence
   289 | D        | Reached skill level 1 in Stealth
   292 | D        | Killed a floating eye
   293 | D        | Reached skill level 7 in Unarmed Combat
   293 | D        | Reached XP level 6. HP: 7/42 MP: 0/0
   711 | D        | Reached skill level 8 in Unarmed Combat
   727 | D        | Reached skill level 9 in Unarmed Combat
   727 | D        | Reached XP level 7. HP: 35/47 MP: 0/0
   727 | D        | Learned a level 2 spell: Momentum Strike
   788 | D        | Reached skill level 1 in Armour
   791 | D        | Noticed a tarantella
   799 | D        | Killed a tarantella
   800 | D        | Reached skill level 10 in Unarmed Combat
   813 | D        | Reached XP level 8. HP: 25/58 MP: 0/0
  1261 | D        | Noticed a deep troll
  1261 | D        | Noticed a wyvern
  1275 | D        | Killed a wyvern
  1276 | D        | Reached skill level 11 in Unarmed Combat
  1281 | D        | Killed a deep troll
  1282 | D        | Reached skill level 5 in Fighting
  1282 | D        | Reached skill level 12 in Unarmed Combat
  1772 | D        | Bought a potion of heal wounds for 70 gold pieces
  1772 | D        | Bought a potion of degeneration for 14 gold pieces
  1772 | D        | Bought a potion of might for 56 gold pieces
  1772 | D        | Bought a scroll of enchant weapon for 105 gold pieces
  1786 | D        | Noticed a black mamba
  1791 | D        | Reached skill level 5 in Armour
  1791 | D        | Reached XP level 9. HP: 64/66 MP: 0/0
  1791 | D        | Learned a level 4 spell: Summon Lightning Spire
  1797 | D        | Killed a black mamba
  1798 | D        | Reached skill level 5 in Dodging
  2003 | D        | Noticed a deep troll
  2013 | D        | HP: 3/67 [deep troll (15)]
  2020 | D        | Killed a deep troll
  2021 | D        | Reached skill level 13 in Unarmed Combat
  2356 | D        | Noticed Urug
  2363 | D        | Mangled by Urug

Illustrated notes

Levels and vault maps discovered:
D:        pitsprint [storerooms_1, entrance_room_1, metal_vault_5, armoury_3,
          mini_pit_1, grid_room_1, main_hall_1, silver_pit, the_coven_3,
          the_vestibule_1, steel_vault_5, golden_pit, hallway_of_sentries,
          crystal_vault_1, iron_vault_4, final_vault]

Skill      XL: |  1  2  3  4  5  6  7  8  9 |
---------------+----------------------------+-----
Shapeshifting  | 3 4 5 6 7 8 9 |  9.2
Unarmed Combat | 4 6 7 9 10 12 13 | 13.1
Spellcasting   | 1 2 3 |  3.0
Conjurations   | 1 2 3 |  3.0
Hexes          | 1 2 3 |  3.0
Summonings     | 1 2 3 |  3.0
Necromancy     | 1 2 3 |  3.0
Translocations | 1 2 3 |  3.0
Transmutations | 1 2 3 |  3.0
Fire Magic     | 1 2 3 |  3.0
Ice Magic      | 1 2 3 |  3.0
Air Magic      | 1 2 3 |  3.0
Earth Magic    | 1 2 3 |  3.0
Poison Magic   | 1 2 3 |  3.0
Dodging        | 3 4 5 |  5.5
Stealth        | 1 2 |  2.2
Fighting       | 3 5 7 |  7.2
Armour         | 2 5 7 |  7.2

Action                     |  1- 3 |  4- 6 |  7- 9 || total
---------------------------+-------+-------+-------++-------
  Melee: Unarmed           |    26 |    33 |    59 ||   118
         Punch             |     1 |     2 |     5 ||     8
 Invoke: Call Merchant     |       |       |     1 ||     1
    Use: Potion            |     1 |       |     7 ||     8
   Stab: Sleeping          |     1 |       |       ||     1
         Invisible         |       |       |     1 ||     1
 Armour: Animal skin       |     1 |       |       ||     1
         Scale mail        |       |     8 |    14 ||    22
         Ring mail         |       |       |     9 ||     9
  Dodge: Dodged            |    14 |     5 |    49 ||    68

Table legend: (Time is in decaauts)
 A = Elapsed time spent in this place.
 B = Non-inter-level travel time spent in this place.
 C = Inter-level travel time spent in this place.
 D = Time resting spent in this place.
 E = Time spent auto-exploring this place.
 F = Levels seen in this place.
 G = Mean time per level.
                   A        B        C        D        E       F      G
               +--------+--------+--------+--------+--------+-----+--------+
         Total |   2374 |   2211 |    163 |   1740 |      0 |   1 | 2374.0 |
       Dungeon |   2374 |   2211 |    163 |   1740 |      0 |   1 | 2374.0 |
               +--------+--------+--------+--------+--------+-----+--------+

Top non-repeatable levels by time:
       D: 2374 daAuts
